 Dungeon Crawl Stone Soup version 0.29-a0-824-gd827844252 (webtiles) character file.

Game seed: 246342436266158483

59 pokeman the Magician (level 3, -10/20 HPs)
             Began as a Deep Elf Hedge Wizard on July 10, 2022.
             Killed from afar by Robin (27 damage)
             ... with a bolt of dispelling energy
             ... on level 2 of the Dungeon.
             The game lasted 00:02:22 (1290 turns).

pokeman the Magician (Deep Elf Hedge Wizard)        Turns: 1290, Time: 00:02:23

Health: -10/20     AC:  3    Str:  7    XL:     3   Next: 78%
Magic:  10/11      EV: 12    Int: 20    God:
Gold:   32         SH:  0    Dex: 14    Spells: 1/12 levels left

rFire   . . .      SeeInvis .   h - +1 spear (flame)
rCold   . . .      Faith    .   (no shield)
rNeg    . . .      Spirit   .   b - +0 robe
rPois   .          Reflect  .   c - +0 hat
rElec   .          Harm     .   (no cloak)
rCorr   .          Rampage  .   e - +0 pair of gloves
Will    .....                   (no boots)
Stlth   ++........              (no amulet)
HPRegen 0.06/turn               (no ring)
MPRegen 0.12/turn               (no ring)

@: no status effects
A: no striking features
a: no special abilities


You were on level 2 of the Dungeon.
You visited 1 branch of the dungeon, and saw 2 of its levels.

You collected 32 gold pieces.

Inventory:

Hand Weapons
 h - a +1 spear of flaming (weapon)
Armour
 b - a +0 robe (worn)
 c - a +0 hat (worn)
 e - a +0 pair of gloves (worn)
Scrolls
 a - a scroll of enchant weapon {unknown}
 i - a scroll of vulnerability {unknown}
Potions
 d - a potion of magic
 f - a potion of flight {unknown}
 g - a potion of curing


   Skills:
 - Level 1.0 Fighting
 - Level 1.1 Armour
 + Level 2.4 Dodging
 + Level 2.4 Stealth
 * Level 5.4 Spellcasting
 + Level 2.0 Conjurations
 - Level 1.1 Summonings
 - Level 1.1 Translocations


You had one spell level left.
You knew the following spells:

 Your Spells              Type           Power      Damage    Failure   Level
a - Magic Dart            Conj           52%        1d5       4%          1
b - Mephitic Cloud        Conj/Pois/Air  8%         N/A       26%         3
c - Call Imp              Summ           9%         N/A       11%         2
d - Blink                 Tloc           18%        N/A       11%         2
e - Conjure Flame         Conj/Fire      9%         6-21      22%         3

Your spell library contained the following spells:

 Spells                   Type           Power      Damage    Failure   Level
 Slow                     Hex            20%        N/A       11%         1
 Call Canine Familiar     Summ           9%         N/A       22%         3
 Portal Projectile        Hex/Tloc       14%        N/A       26%         3
 Leda's Liquefaction      Hex/Erth       2%         N/A       73%         4


Dungeon Overview and Level Annotations

Branches:
Dungeon (2/15)

Altars:

Annotations:
D:2 Robin


Message History

The frilled lizard attacks as you move away!
The frilled lizard closely misses you.
You swap places.
Something closely misses your white imp.
Something bites your white imp but does no damage.
Your white imp closely misses the frilled lizard.
The frilled lizard barely misses your white imp.
Your white imp gestures at the frilled lizard.
The puff of frost hits the frilled lizard!
The frilled lizard dies!
Your white imp closely misses the adder.
The adder closely misses your white imp.
The adder closely misses your white imp.
Your white imp barely misses the adder.
The adder barely misses your white imp.
Your white imp hits the adder.
Your white imp freezes the adder.
The adder seems to slow down.
The adder bites your white imp but does no damage.
Your white imp hits the adder.
Your white imp freezes the adder.
The adder seems to slow down.
The adder dies!
Your Fighting skill increases to level 1!
Your Conjurations skill increases to level 2!
There is a stone staircase leading down here.
You climb downwards.
Level annotation: Robin
There is a stone staircase leading up here.
Magic restored.
Robin is nearby!
Casting: Call Imp (safe; 11% risk of failure)
Confirm with . or Enter, or press ? or * to list all spells.
Aiming: Magic Dart (safe; 4% risk of failure)
Press: ? - help, Shift-Dir - straight line, f - Robin
Aim: Robin, wielding a +0 spear of freezing, wearing a +0 animal skin, wearing a +0 helmet and carrying a wand of quicksilver (5) (wandering, hasn't noticed you, 100% to hit)
The magic dart hits Robin.
Robin is lightly wounded.
Robin shouts!
You hear a shout! x2
Robin zaps a wand.
The bolt of dispelling energy hits you!!
Ouch! That really hurt!
You die...

.### ...
.###.....
.#
.........
.##
#........
..#
#........
...#
##........
.#...#
.......
.......
#†..#
.......
#@..#
.......
#.###
.......
..# ......
.... .....
.......
g.......
#.........


You could see Robin.

Vanquished Creatures
  2 adders (D:2)
  3 endoplasms (D:1)
  A giant cockroach (D:1)
  7 goblins
  3 hobgoblins
  A quokka (D:1)
  4 ball pythons (D:1)
  A bat (D:1)
  2 frilled lizards (D:1)
  3 kobolds (D:1)
  2 rats (D:1)
29 creatures vanquished.

Vanquished Creatures (collateral kills)
  An adder (D:1)
  A frilled lizard (D:1)
2 creatures vanquished.

Grand Total: 31 creatures vanquished

Notes
Turn   | Place    | Note
-------+----------+-------------------------------------------
     0 | D:1      | pokeman the Deep Elf Hedge Wizard began the quest for the
                  | Orb.
     0 | D:1      | Reached XP level 1. HP: 10/10 MP: 7/7
   288 | D:1      | Found a faded altar of an unknown god.
   300 | D:1      | Reached XP level 2. HP: 15/15 MP: 5/9
  1043 | D:2      | Reached skill level 5 in Spellcasting
  1043 | D:2      | Reached XP level 3. HP: 20/20 MP: 3/11
  1047 | D:2      | Learned a level 3 spell: Mephitic Cloud
  1050 | D:2      | Learned a level 2 spell: Call Imp
  1053 | D:2      | Learned a level 2 spell: Blink
  1057 | D:2      | Learned a level 3 spell: Conjure Flame
  1114 | D:2      | Noticed Robin
  1215 | D:2      | Reached skill level 1 in Armour
  1232 | D:1      | Reached skill level 1 in Fighting
  1290 | D:2      | Killed from afar by Robin

Illustrated notes

Levels and vault maps discovered:
D:1:      minmay_arrival_wavy_path, layout_basic,
          hellmonk_ecumenical_altar_arch_garden, minmay_crystal_room,
          grunt_decor_arrowhead, hex_large, chequers_serial_rivers_small_a,
          minmay_misc_feat_enclosed
D:2:      layout_rooms, minivault_23, uniq_robin

Skill      XL: |  1  2  3 |
---------------+----------+-----
Spellcasting   | 5 |  5.4
Armour         | 1 |  1.1
Fighting       | 1 |  1.0
Conjurations   | 2 |  2.0
Dodging        | |  2.4
Stealth        | |  2.4
Summonings     | |  1.1
Translocations | |  1.1

Action                   || total
-------------------------++-------
 Cast: Magic Dart        ||    65
       Call Imp          ||     1
  Use: Potion            ||     1
Armor: Robe              ||     1
Dodge: Dodged            ||    10

Table legend: (Time is in decaauts)
 A = Elapsed time spent in this place.
 B = Non-inter-level travel time spent in this place.
 C = Inter-level travel time spent in this place.
 D = Time resting spent in this place.
 E = Time spent auto-exploring this place.
 F = Levels seen in this place.
 G = Mean time per level.
                   A        B        C        D        E       F      G
               +--------+--------+--------+--------+--------+-----+--------+
         Total |   1291 |   1242 |     49 |     57 |   1020 |   2 |  645.5 |
       Dungeon |   1291 |   1242 |     49 |     57 |   1020 |   2 |  645.5 |
               +--------+--------+--------+--------+--------+-----+--------+

Top non-repeatable levels by time:
     D:1: 1149 daAuts
     D:2: 142 daAuts
